 Dungeon Crawl Stone Soup version 0.29-a0-317-gd16b76e6b1 (webtiles) character file.

Game seed: 4902317190869864591

86 kae the Firebug (level 4, -2/25 HPs)
             Began as a Tengu Fire Elementalist on Mar 30, 2022.
             Slain by a gnoll
             ... wielding a +0 whip
              (5 damage)
             ... on level 2 of the Dungeon.
             The game lasted 00:01:43 (1843 turns).

kae the Firebug (Tengu Fire Elementalist)           Turns: 1843, Time: 00:01:43

Health: -2/25      AC:  2    Str:  8    XL:     4   Next: 50%
Magic:  6/8        EV: 12    Int: 18    God:
Gold:   167        SH:  0    Dex: 14    Spells: 1/7 levels left

rFire   . . .      SeeInvis .   i - +2 short sword (freeze)
rCold   . . .      Faith    .   (no shield)
rNeg    . . .      Spirit   .   a - +0 robe
rPois   .          Reflect  .   (helmet restricted)
rElec   .          Harm     .   (no cloak)
rCorr   .          Rampage  .   (no gloves)
Will    .....                   (boots unavailable)
Stlth   ++........              (no amulet)
HPRegen 0.08/turn               (no ring)
MPRegen 0.11/turn               (no ring)

@: no status effects
A: beak, talons 3
a: no special abilities


You were on level 2 of the Dungeon.
You visited 1 branch of the dungeon, and saw 3 of its levels.

You collected 167 gold pieces.

Inventory:

Hand Weapons
 c - a +0 hand axe of flaming
 i - a +2 short sword of freezing (weapon)
Armour
 a - a +0 robe (worn)
Scrolls
 n - a scroll of identify
Potions
 b - a potion of magic
 d - a potion of berserk rage
 e - a potion of invisibility {unknown}
 f - 2 potions of resistance {unknown}
 g - a potion of flight {unknown}
 h - 2 potions of haste {unknown}
 j - a potion of curing {unknown}
 k - 2 potions of might {unknown}
 l - a potion of mutation {unknown}
 m - a potion of degeneration {unknown}


   Skills:
 + Level 1.1 Fighting
 + Level 1.2 Armour
 + Level 2.7 Dodging
 - Level 2.0 Stealth
 + Level 2.3 Spellcasting
 + Level 2.4 Conjurations
 * Level 4.1 Fire Magic


You had one spell level left.
You knew the following spells:

 Your Spells              Type           Power      Damage    Failure   Level
a - Foxfire               Conj/Fire      56%        2x1d6     4%          1
b - Scorch                Fire           34%        2d6       4%          2
c - Conjure Flame         Conj/Fire      14%        6-21      14%         3

Your spell library contained the following spells:

 Spells                   Type           Power      Damage    Failure   Level
 Animate Skeleton         Necr           4%         N/A       17%         1
 Apportation              Tloc           4%         N/A       17%         1
 Summon Small Mammal      Summ           8%         N/A       17%         1
 Inner Flame              Hex/Fire       9%         N/A       22%         3
 Flame Wave               Conj/Fire      14%        2d6       41%         4
 Tukima's Dance           Hex            2%         N/A       45%         3
 Anguish                  Hex/Necr       1%         N/A       86%         4
 Enfeeble                 Hex            1%         N/A       100%        7


Dungeon Overview and Level Annotations

Branches:
Dungeon (3/15)

Altars:
Fedhas

Shops:
D:1 [


Innate Abilities, Weirdness & Mutations

You have a beak for a mouth.
You have claws for feet.


Message History

A gnoll is nearby!
A gnoll is nearby!
Casting: Foxfire (safe; 4% risk of failure)
Confirm with . or Enter, or press ? or * to list all spells.
You conjure some foxfire!
The gnoll shouts!
You hear a shout! x2
The foxfire hits the gnoll.
The gnoll is moderately wounded.
A gnoll comes into view. It is wielding a +0 whip.
You hear a shout! x2
You hear a shout! x2
Your foxfire dissipates!
The gnoll throws a throwing net.
The throwing net hits you.
You become entangled in the net!
You see here a throwing net.
You struggle against the net.
You struggle against the net.
A gnoll comes into view. It is wielding a +0 spear.
You tear a large gash into the net.
You rip the net and break free!
A gnoll comes into view. It is wielding a +0 spear.
The gnoll hits you with a +0 whip. The gnoll attacks as you move away!
The gnoll hits you with a +0 whip. The gnoll attacks as you move away!
The gnoll closely misses you. The gnoll attacks as you move away!
The gnoll hits you with a +0 whip. The gnoll attacks as you move away!
The gnoll barely misses you. The gnoll attacks as you move away!
The gnoll closely misses you. The gnoll attacks as you move away!
The gnoll hits you with a +0 whip. The gnoll attacks as you move away!
The gnoll hits you with a +0 whip.
There is a stone staircase leading up here.
The gnoll hits you with a +0 whip.
* * * LOW HITPOINT WARNING * * *
You climb upwards.
There is a stone staircase leading down here.
Casting: Foxfire (safe; 4% risk of failure)
Confirm with . or Enter, or press ? or * to list all spells.
Flames lash the gnoll.
The gnoll is heavily wounded.
The gnoll's fire resistance burns away.
The gnoll hits you with a +0 whip.
You die...

########### #.........#####
####.........##...
#####.................
#.......###########...
##.###@................
#####....#g#....########...
#.......##.####.# ######...
#.......##.####'###........
#................##........
#####............##........
#............##........
#............##........
#............##........


You could see a gnoll (combustible).

Vanquished Creatures
  A gnoll (D:1)
  4 adders
  A worm (D:2)
  3 orcs (D:2)
  2 ball pythons (D:1)
  A bat (D:2)
  An endoplasm (D:2)
  A giant cockroach (D:1)
  5 goblins
  5 hobgoblins
  4 kobolds
  2 quokkas (D:1)
  2 frilled lizards
  2 rats (D:1)
34 creatures vanquished.

Vanquished Creatures (others)
  118 foxfires
118 creatures vanquished.

Grand Total: 152 creatures vanquished

Notes
Turn   | Place    | Note
-------+----------+-------------------------------------------
     0 | D:1      | kae the Tengu Fire Elementalist began the quest for the
                  | Orb.
     0 | D:1      | Reached XP level 1. HP: 10/10 MP: 4/4
   132 | D:1      | Reached XP level 2. HP: 16/16 MP: 0/6
   465 | D:1      | Reached XP level 3. HP: 20/20 MP: 2/7
   514 | D:1      | You fall into a shaft and drop 1 floor!
   514 | D:2      | Found a blossoming altar of Fedhas.
   526 | D:1      | Found Tayn's Antique Armour Shoppe.
   986 | D:2      | Reached skill level 1 in Armour
  1195 | D:2      | Learned a level 2 spell: Scorch
  1199 | D:2      | Learned a level 3 spell: Conjure Flame
  1346 | D:2      | Reached skill level 4 in Fire Magic
  1397 | D:2      | Reached XP level 4. HP: 24/24 MP: 6/8
  1449 | D:2      | Reached skill level 1 in Fighting
  1816 | D:3      | Found a faded altar of an unknown god.
  1843 | D:2      | Slain by a gnoll

Illustrated notes

Levels and vault maps discovered:
D:1:      heliophobic_arrival_dark_side_of_the_moon, layout_rooms, serial_shops,
          shop
D:2:      layout_basic, basic_altar, guppyfry_early_orc_mine
D:3:      layout_loops_ring, shapermc_ecumenical_altar_notcrosses,
          minmay_fractal_squares_diagonal_5, uniq_crazy_yiuf_cottage

Skill      XL: |  1  2  3  4 |
---------------+-------------+-----
Conjurations   | 2 |  2.4
Armour         | 1 |  1.2
Fire Magic     | 4 |  4.1
Fighting       | 1 |  1.1
Dodging        | |  2.7
Stealth        | |  2.0
Spellcasting   | |  2.3

Action                   |  1- 3 |  4- 6 || total
-------------------------+-------+-------++-------
Melee: Hand axe          |     4 |       ||     4
       Kick              |     2 |     1 ||     3
       Short sword       |     8 |     4 ||    12
       Peck              |     1 |       ||     1
 Cast: Foxfire           |    56 |    10 ||    66
       Scorch            |       |     1 ||     1
  Use: Scroll            |     2 |     2 ||     4
 Stab: Sleeping          |     1 |       ||     1
Armor: Robe              |     3 |       ||     3
Dodge: Dodged            |    11 |     9 ||    20

Table legend: (Time is in decaauts)
 A = Elapsed time spent in this place.
 B = Non-inter-level travel time spent in this place.
 C = Inter-level travel time spent in this place.
 D = Time resting spent in this place.
 E = Time spent auto-exploring this place.
 F = Levels seen in this place.
 G = Mean time per level.
                   A        B        C        D        E       F      G
               +--------+--------+--------+--------+--------+-----+--------+
         Total |   1845 |   1788 |     57 |      2 |   1467 |   3 |  615.0 |
       Dungeon |   1845 |   1788 |     57 |      2 |   1467 |   3 |  615.0 |
               +--------+--------+--------+--------+--------+-----+--------+

Top non-repeatable levels by time:
     D:2: 891 daAuts
     D:1: 873 daAuts
     D:3: 79 daAuts
